 Dungeon Crawl Stone Soup version 0.21.1-1-g345015f (webtiles) character file.

20733 Kairos the Basher (level 13, 0/100 HPs)
             Began as a Human Gladiator on Mar 26, 2018.
             Was a High Priest of Okawaru.
             Slain by a merfolk
             ... wielding a +1 trident of venom
              (16 damage)
             ... on level 2 of the Lair of Beasts.
             The game lasted 00:51:08 (16255 turns).

Kairos the Basher (Human Gladiator)                Turns: 16255, Time: 00:51:09

Health: 0/100      AC: 21    Str: 19    XL:     13   Next: 14%
Magic:  12/14      EV: 16    Int: 11    God:    Okawaru [*****.]
Gold:   972        SH:  0    Dex: 15    Spells: 11/12 levels left

rFire    . . .     SeeInvis +   O - +4 trident of Ecuhygo {freeze, rPois MR+ Int+2}
rCold    . . .     Gourm    .   (no shield)
rNeg     . . .     Faith    .   b - +0 plate armour
rPois    +         Spirit   .   c - +0 helmet
rElec    .         Reflect  .   (no cloak)
rCorr    .         Harm     .   n - +1 pair of gloves
MR       +....                  (no boots)
Stlth    ..........             w - amulet of rage
HPRegen  0.26/turn              l - ring of see invisible
MPRegen  0.14/turn              m - +4 ring of evasion

@: lethally poisoned (0 -> -4), heroism, mesmerised
A: no striking features
a: Heroism, Finesse, Renounce Religion, Evoke Berserk Rage


You were on level 2 of the Lair of Beasts.
You worshipped Okawaru.
Okawaru was extremely pleased with you.
You were hungry.

You visited 3 branches of the dungeon, and saw 14 of its levels.
You also visited: Ossuary.

You collected 972 gold pieces.

Inventory:

Hand Weapons
 D - a +0 morningstar
 F - a +1 flail of holy wrath
 O - the +4 trident of Ecuhygo (weapon) {freeze, rPois MR+ Int+2}
   (You took it off a centaur on level 8 of the Dungeon)

   It has been specially enchanted to freeze those struck by it, causing extra
   injury to most foes and up to half again as much damage against particularly
   susceptible opponents.
   It can also slow down cold-blooded creatures.
   It affects your intelligence (+2).
   It protects you from poison.
   It affects your resistance to hostile enchantments.
Missiles
 d - 2 throwing nets
 i - 2 poisoned javelins
 M - 8 javelins of returning
 P - 6 steel tomahawks (quivered)
Armour
 b - a +0 plate armour (worn)
 c - a +0 helmet (worn)
 n - a +1 pair of gloves (worn)
Jewellery
 l - a ring of see invisible (left hand)
 m - a +4 ring of evasion (right hand)
 o - an uncursed ring of poison resistance
 w - an amulet of rage (around neck)
 G - an uncursed amulet of harm
Wands
 a - a wand of paralysis (10)
 y - a wand of digging (12)
 J - a wand of enslavement (29)
 V - a wand of acid (2)
Scrolls
 h - 4 scrolls of teleportation
 j - 2 scrolls of magic mapping
 k - a scroll of fear
 q - a scroll of enchant armour
 r - 2 scrolls of random uselessness {unknown}
 t - 5 scrolls of remove curse
 v - 2 scrolls of amnesia {unknown}
 z - 2 scrolls of fog {unknown}
 B - 2 scrolls of immolation {unknown}
 E - 2 scrolls of blinking {unknown}
 N - a scroll of vulnerability {unknown}
 S - a scroll of enchant weapon {unknown}
 Y - a scroll of torment {unknown}
 Z - a scroll of silence {unknown}
Potions
 e - 2 potions of haste {unknown}
 g - 6 potions of curing
 p - 3 potions of magic
 s - a potion of heal wounds
 x - 3 potions of might
 A - 2 potions of cancellation {unknown}
 C - a potion of mutation {unknown}
 H - 2 potions of agility {unknown}
 I - 2 potions of lignification {unknown}
 K - 2 potions of invisibility {unknown}
 L - 2 potions of brilliance {unknown}
 Q - 3 potions of berserk rage {unknown}
 U - a potion of resistance {unknown}
Books
 R - a book of Battle

   Spells                             Type                      Level
   a - Infusion                       Charms                       1
   b - Shroud of Golubria             Charms/Translocation         2
   c - Song of Slaying                Charms                       2
   d - Spectral Weapon                Hexes/Charms                 3
   e - Regeneration                   Charms/Necromancy            3
 T - a book of Clouds

   Spells                             Type                      Level
   a - Poisonous Vapours              Poison/Air                   2
   b - Mephitic Cloud                 Conjuration/Poison/Air       3
   c - Conjure Flame                  Conjuration/Fire             3
   d - Freezing Cloud                 Conjuration/Ice/Air          6
   e - Ring of Flames                 Charms/Fire                  7
 X - a book of Necromancy

   Spells                             Type                      Level
   a - Pain                           Necromancy                   1
   b - Animate Skeleton               Necromancy                   1
   c - Vampiric Draining              Necromancy                   3
   d - Regeneration                   Charms/Necromancy            3
   e - Animate Dead                   Necromancy                   4
   f - Borgnjor's Vile Clutch         Necromancy/Earth             5
Miscellaneous
 u - a sack of spiders
 W - a fan of gales
Comestibles
 f - 26 rations


   Skills:
 + Level 8.9(13.9) Fighting
 + Level 11.3(16.4) Maces & Flails
 + Level 10.3(15.4) Polearms
   Level 2.4(15.1) Staves
 + Level 2.2(7.2) Throwing
 + Level 9.7(14.7) Armour
 + Level 5.6(10.6) Dodging
 + Level 2.9(7.9) Stealth
 + Level 0.7 Invocations
 + Level 2.6 Evocations


You had 11 spell levels left.
You knew the following spells:

 Your Spells              Type           Power        Failure   Level  Hunger
a - Infusion              Chrm           #...         99%         1    ##.....


Dungeon Overview and Level Annotations

Branches:
Dungeon (11/15)            Temple (1/1) D:6            Lair (2/6) D:11
    Orc (0/2) D:11
  Swamp: Lair:2-4    Shoals: Lair:2-4     Snake: Lair:2-4    Spider: Lair:2-4

Altars:
Ashenzari
Cheibriados
Dithmenos
Elyvilon
Fedhas
Gozag
Hepliaklqana
Kikubaaqudgha
Makhleb
Nemelex Xobeh
Okawaru
Qazlal
Ru
Sif Muna
Trog
Uskayaw
Vehumet
Wu Jian
Xom
Yredelemnul
Zin
The Shining One


Message History

* * * LOW HITPOINT WARNING * * *
You are more poisoned.
You hear a howl!
You gain the combat prowess of a mighty hero.
You feel sick. The merfolk hits you with a trident!
* * * LOW HITPOINT WARNING * * *
The merfolk siren chants its luring song.
A wolf comes into view.
The wolf howls!
You hit the merfolk. You freeze the merfolk.
The merfolk is severely wounded.
The merfolk barely misses you.
The merfolk hits you but does no damage.
A wolf comes into view.
You barely miss the merfolk.
The merfolk is severely wounded.
You feel sick.
The merfolk siren hits you but does no damage.
The merfolk hits you with a trident of venom!
You die...

.... ......# #≈#.
#....###.....# ≈≈.#
.........+h... #≈..#
.........#.h.# .m.#
.........#...##m..
.........#...#..# (
+.P..#.#.#thh#..#....
..........mmm.....#......
###....###@##m....#....###
#....# ##.#..............
###....# ###..............
#......###
#P..............
###......#
##..............
#>....####P..............
#........................
#..###..P.##.#.#.........
..... ##.#########........


You could see 2 merfolk, a merfolk siren, a crocodile and 4 wolves.

Vanquished Creatures
  A hydra (Lair:1)
  4 two-headed ogres
  The ghost of vatarom the Protected, a novice FoCK of Xom (D:9)
  2 unseen horrors
  An ugly thing (D:11)
  A gargoyle (D:10)
  2 spiny frogs (Lair:1)
  2 trolls
  A merfolk (Lair:2)
  The ghost of Kairos the Cudgeler, an amateur HuMo (D:3)
  5 blink frogs (Lair:1)
  2 hippogriffs
  9 spriggans
  A wraith (D:7)
  A wyvern (Lair:1)
  11 yaks (D:11)
  A basilisk (Lair:1)
  2 hell hounds (D:11)
  2 acid dragons (D:11)
  A porcupine (Lair:1)
  2 water moccasins
  5 sky beasts
  8 orc warriors
  7 phantoms
  An eye of draining (D:8)
  2 black bears
  3 necrophages
  4 ogres
  5 wolves
  10 centaurs
  3 crocodiles (Lair:1)
  2 big kobolds
  9 bullfrogs
  A gnoll sergeant (D:9)
  3 water moccasin zombies
  9 scorpions
  6 killer bees
  An electric eel (D:11)
  4 wights (D:6)
  A howler monkey (D:6)
  4 crimson imps
  4 bullfrog zombies (D:5)
  A centaur zombie (D:6)
  A quasit (D:7)
  6 hounds
  16 orc wizards
  8 orc priests
  3 iguanas
  2 bullfrog skeletons
  4 jellies
  Jessica (D:2)
  4 centaur skeletons
  Terence (D:2)
  Natasha (thrice) (D:4)
  11 worker ants
  A killer bee zombie (D:9)
  2 big kobold zombies (Ossuary)
  2 mummies (Ossuary)
  Robin (D:4)
  10 gnolls
  5 worker ant zombies
  3 howler monkey skeletons
  9 adders
  3 shadow imps
  2 oozes
  An adder zombie (D:5)
  3 adder skeletons
  5 worms
  3 dart slugs (D:4)
  4 leopard geckos
  50 orcs
  4 ball pythons
  A giant cockroach (D:2)
  18 goblins
  11 hobgoblins
  28 jackals
  17 kobolds
  5 quokkas
  4 bats (D:3)
  2 frilled lizards
  2 giant cockroach zombies (D:5)
  A gnoll zombie (Ossuary)
  3 goblin zombies (Ossuary)
  4 hobgoblin zombies (Ossuary)
  A jackal skeleton (D:5)
  4 orc zombies (Ossuary)
  3 quokka skeletons
  A quokka zombie (D:5)
  6 rats
425 creatures vanquished.

Notes
Turn   | Place    | Note
-------+----------+-------------------------------------------
     0 | D:1      | Kairos the Human Gladiator began the quest for the Orb.
     0 | D:1      | Reached XP level 1. HP: 16/16 MP: 1/1
   118 | D:1      | Reached XP level 2. HP: 22/22 MP: 2/2
   636 | D:1      | Reached XP level 3. HP: 23/27 MP: 3/3
  1110 | D:2      | Found a shadowy altar of Dithmenos.
  1181 | D:2      | Noticed Terence
  1191 | D:2      | Killed Terence
  1191 | D:2      | Reached skill level 1 in Armour
  1191 | D:2      | Reached XP level 4. HP: 29/33 MP: 4/4
  1600 | D:2      | Noticed Jessica
  1652 | D:2      | Killed Jessica
  1652 | D:2      | Reached skill level 4 in Maces & Flails
  1652 | D:2      | Reached XP level 5. HP: 28/38 MP: 5/5
  1858 | D:3      | Found a basalt altar of Yredelemnul.
  1868 | D:3      | Found a glowing silver altar of Zin.
  2121 | D:3      | Noticed Kairos's ghost (amateur HuMo)
  2260 | D:3      | Killed Kairos's ghost
  2260 | D:3      | Reached skill level 5 in Maces & Flails
  2260 | D:3      | Reached skill level 1 in Stealth
  2260 | D:3      | Reached XP level 6. HP: 25/46 MP: 6/6
  2591 | D:3      | Found a radiant altar of Vehumet.
  2592 | D:3      | Found a burning altar of Makhleb.
  2600 | D:3      | Reached XP level 7. HP: 51/52 MP: 7/7
  2674 | D:3      | Found a hazy altar of Hepliaklqana.
  3065 | D:4      | Noticed Robin
  3080 | D:4      | Reached skill level 6 in Maces & Flails
  3080 | D:4      | Reached skill level 1 in Staves
  3118 | D:4      | Killed Robin
  3154 | D:4      | Reached XP level 8. HP: 21/58 MP: 8/8
  3868 | D:4      | Noticed Natasha
  3878 | D:4      | Killed Natasha
  4098 | D:4      | Noticed Natasha
  4106 | D:4      | Killed Natasha
  4238 | D:4      | Noticed Natasha
  4250 | D:4      | Killed Natasha
  4288 | D:4      | Found a glowing golden altar of the Shining One.
  4308 | D:5      | Entered Level 5 of the Dungeon
  4548 | D:5      | Found a snail-covered altar of Cheibriados.
  4705 | D:5      | Reached skill level 7 in Maces & Flails
  4716 | D:5      | Reached skill level 5 in Fighting
  4790 | D:5      | Reached XP level 9. HP: 64/68 MP: 9/9
  5014 | D:6      | Reached skill level 8 in Maces & Flails
  5237 | D:6      | Reached skill level 5 in Armour
  5253 | D:6      | Reached skill level 9 in Maces & Flails
  5327 | D:6      | Found a sand-covered staircase.
  5332 | Ossuary  | Entered an ossuary
  5703 | D:6      | Found a staircase to the Ecumenical Temple.
  5712 | Temple   | Entered the Ecumenical Temple
  5974 | Temple   | Became a worshipper of Warmaster Okawaru
  6345 | D:6      | Reached XP level 10. HP: 49/76 MP: 10/10
  6535 | D:6      | Reached skill level 10 in Maces & Flails
  7099 | D:7      | Reached skill level 1 in Evocations
  7624 | D:8      | Reached * piety under Okawaru
  7714 | D:8      | Got a crude trident {freeze}
  7715 | D:8      | Identified the +4 trident of Ecuhygo {freeze, rPois MR+ Int+2} (You took it off a centaur on level 8 of the Dungeon)
  7733 | D:8      | Found a shimmering altar of Xom.
  7747 | D:8      | Found an ancient bone altar of Kikubaaqudgha.
  7764 | D:8      | Reached skill level 11 in Maces & Flails
  7974 | D:8      | Reached skill level 1 in Polearms
  7988 | D:8      | Noticed a two-headed ogre
  7994 | D:8      | Killed a two-headed ogre
  7994 | D:8      | Reached ** piety under Okawaru
  8276 | D:8      | Reached XP level 11. HP: 57/82 MP: 11/11
  8893 | D:8      | Found a blossoming altar of Fedhas.
  8920 | D:8      | Reached *** piety under Okawaru
  8938 | D:8      | Noticed a two-headed ogre
  8948 | D:8      | Killed a two-headed ogre
  8948 | D:8      | Reached skill level 5 in Polearms
  8948 | D:8      | Reached skill level 5 in Dodging
  9359 | D:9      | Received a gift from Okawaru
  9383 | D:9      | Learned a level 1 spell: Infusion
  9389 | D:9      | Noticed a two-headed ogre
  9398 | D:9      | Killed a two-headed ogre
 10136 | D:9      | Found a sacrificial altar of Ru.
 10136 | D:9      | Noticed vatarom's ghost (novice FoCK)
 10462 | D:9      | Killed vatarom's ghost
 10719 | D:10     | Entered Level 10 of the Dungeon
 11087 | D:10     | Reached **** piety under Okawaru
 11144 | D:10     | Noticed an unseen horror
 11156 | D:10     | Killed an unseen horror
 11156 | D:10     | Reached XP level 12. HP: 90/90 MP: 13/13
 12088 | D:11     | Noticed a two-headed ogre
 12100 | D:11     | Killed a two-headed ogre
 12493 | D:11     | Received a gift from Okawaru
 13081 | D:11     | Found a staircase to the Lair.
 13161 | D:11     | HP: 4/92 [centaur (1)]
 13517 | D:11     | Noticed an unseen horror
 13523 | D:11     | Killed an unseen horror
 13523 | D:11     | Received a gift from Okawaru
 14213 | D:11     | Reached ***** piety under Okawaru
 14618 | D:11     | Found a staircase to the Orcish Mines.
 14784 | Lair:1   | Entered Level 1 of the Lair of Beasts
 14813 | D:11     | Received a gift from Okawaru
 15112 | Lair:1   | Noticed a four-headed hydra
 15125 | Lair:1   | Killed a four-headed hydra
 15369 | Lair:1   | Reached XP level 13. HP: 43/99 MP: 11/14
 15819 | Lair:1   | Reached skill level 10 in Polearms
 15840 | Lair:1   | Received a gift from Okawaru
 16255 | Lair:2   | Slain by a merfolk

Skill      XL: |  1  2  3  4  5  6  7  8  9 10 11 12 13 |
---------------+----------------------------------------+-----
Armour         | 1 2 3 4 5 6 8 9 |  9.7
Maces & Flails | 4 5 6 7 9 11 | 11.3
Stealth        | 1 2 |  2.9
Fighting       | 3 5 6 7 8 |  8.9
Staves         | 2 |  2.4
Dodging        | 4 5 |  5.6
Evocations     | 1 2 |  2.6
Polearms       | 2 7 9 10 | 10.3
Throwing       | |  2.2
Invocations    | |  0.7

Action                   |  1- 3 |  4- 6 |  7- 9 | 10-12 | 13-15 || total
-------------------------+-------+-------+-------+-------+-------++-------
Melee: Flail             |    88 |   119 |    99 |    70 |       ||   376
       Quarterstaff      |       |       |   147 |       |       ||   147
       Morningstar       |       |       |   321 |   166 |       ||   487
       Trident           |       |       |       |   813 |    84 ||   897
Throw: Throwing net      |     1 |       |       |       |       ||     1
Invok: Heroism           |       |       |       |     5 |     3 ||     8
 Abil: Evoke Berserk Rag |       |     1 |     1 |     9 |       ||    11
Evoke: Wand              |       |       |       |     1 |       ||     1
  Use: Scroll            |       |     1 |     4 |     6 |     1 ||    12
       Potion            |       |       |       |     5 |       ||     5
 Stab: Sleeping          |     1 |       |       |       |       ||     1
       Held in net/web   |     1 |       |       |       |       ||     1
       Distracted        |       |       |       |     1 |       ||     1
  Eat: Chunk             |       |     6 |    12 |    23 |     2 ||    43
       Ration            |       |       |     1 |     4 |       ||     5
Armor: Leather armour    |    22 |     5 |       |       |       ||    27
       Chain mail        |       |    58 |   262 |   338 |       ||   658
       Plate armour      |       |       |       |    57 |    22 ||    79
Dodge: Dodged            |    63 |   101 |   403 |   688 |    33 ||  1288
